 Dungeon Crawl Stone Soup version 0.29.0-7-g18a832c13a (webtiles) character file.

Game seed: 2412353284860392940

783 RevDB the Ruffian (level 7, 13/57 HPs)
             Began as a Purple Draconian Transmuter on Aug 30, 2022.
             Was an Initiate of Qazlal.
             Quit the game on level 6 of the Dungeon on Aug 31, 2022.
             The game lasted 00:22:56 (2974 turns).

RevDB the Ruffian (Purple Draconian Transmuter)     Turns: 2974, Time: 00:22:57

Health: 13/57      AC:  6    Str: 13    XL:     7   Next: 55%
Magic:  10/10      EV: 12    Int: 15    God:    Qazlal [......]
Gold:   167        SH:  0    Dex: 11    Spells: 7/10 levels left

rFire   . . .      SeeInvis +     - Unarmed
rCold   . . .      Faith    .   m - orb {light}
rNeg    . . .      Spirit   .   (body armour unavailable)
rPois   .          Reflect  .   (helmet restricted)
rElec   .          Harm     .   (no cloak)
rCorr   .          Rampage  .   (no gloves)
Will    +....                   (no boots)
Stlth   +.........              (no amulet)
HPRegen 0.19/turn               c - ring of see invisible
MPRegen 0.12/turn               (no ring)

@: wereblooded (expiring), glowing
A: breathe power, AC +6, unfitting armour, cold-blooded
a: Breathe Dispelling Energy, Renounce Religion


You were on level 6 of the Dungeon.
You worshipped Qazlal.
Qazlal was noncommittal.
You visited 2 branches of the dungeon, and saw 7 of its levels.

You collected 167 gold pieces.

Inventory:

Missiles
 o - 4 boomerangs of dispersal (quivered)
Armour
 m - an orb of light (worn)
Jewellery
 c - a ring of see invisible (left hand)
 u - a ring of flight
Wands
 s - a wand of roots (3)
Scrolls
 a - a scroll of fear {unknown}
 b - 3 scrolls of enchant armour {unknown}
 d - 3 scrolls of teleportation {unknown}
 h - a scroll of immolation {unknown}
 k - a scroll of torment {unknown}
 n - a scroll of blinking {unknown}
 p - 2 scrolls of identify {unknown}
 r - 3 scrolls of vulnerability {unknown}
 v - a scroll of poison {unknown}
Potions
 e - a potion of attraction {unknown}
 f - 2 potions of curing {unknown}
 g - a potion of flight {unknown}
 i - a potion of brilliance {unknown}
 j - a potion of mutation {unknown}
 l - a potion of might {unknown}
 q - a potion of ambrosia {unknown}
 t - a potion of lignification


   Skills:
 - Level 3.4 Fighting
 - Level 1.7 Dodging
 + Level 7.9 Unarmed Combat
 - Level 2.4 Spellcasting
 - Level 3.4 Transmutations


You had 7 spell levels left.
You knew the following spells:

 Your Spells              Type           Power      Damage    Failure   Level
a - Beastly Appendage     Tmut           24%        N/A       5%          1
b - Wereblood             Tmut           12%        N/A       8%          2

Your spell library contained the following spells:

 Spells                   Type           Power      Damage    Failure   Level
 Scorch                   Fire           2%         2d5       32%         2
 Spider Form              Tmut/Pois      6%         N/A       32%         3
 Ice Form                 Ice/Tmut       6%         N/A       71%         4
 Flame Wave               Conj/Fire      1%         2d4       91%         4
 Summon Cactus Giant      Summ           0%         N/A       100%        6


Dungeon Overview and Level Annotations

Branches:
Dungeon (7/15)             Temple (1/1) D:7

Altars:
Ashenzari
Dithmenos
Elyvilon
Gozag
Hepliaklqana
Makhleb
Qazlal
Ru
Sif Muna
Trog
Uskayaw
Wu Jian
Yredelemnul
Zin
The Shining One

Shops:
D:3 =


Innate Abilities, Weirdness & Mutations

You can breathe bolts of dispelling energy.
Your rich purple scales are hard. (AC +6)
You cannot fit into any form of body armour.
You are cold-blooded and may be slowed by cold attacks.


Message History

* * * LOW HITPOINT WARNING * * *
You hit the wight but do no damage. You claw the wight. You headbutt the wight!
You feel a bit better.
You destroy the wight!
Qazlal accepts your kill. The wight closely misses you.
You hear a bark!
A hound comes into view.
The wight barely misses you.
Things that are here:
a +2 halberd; a +0 robe You hit the wight.
You claw the wight. Your headbutt misses the wight.
The wight is moderately damaged.
The wight misses you.
You hit the wight.
The wight is heavily damaged.
The wight misses you.
You punch the wight!
You feel a bit better.
You destroy the wight!
Qazlal accepts your kill.
Things that are here:
a +2 halberd; a +0 robe You punch the hound!
The hound is heavily wounded.
The hound bites you but does no damage.
You hit the hound. Your kick misses the hound. You tail-slap the hound.
You feel a bit better.
You kill the hound!
Qazlal accepts your kill.
Your horns disappear.
Your talons disappear.
Your primal bloodlust is almost over.
Your life force feels restored.
Okay, then.
v - a scroll labelled BYACOV YXEFE
Items here: ))) [[[ †.
Okay, then.
Welcome back, RevDB the Purple Draconian Transmuter.
Qazlal says: Let the forces of nature tear it all down!
Press ? for a list of commands and other information.
Are you sure you want to abandon this character and quit the game? (Confirm with "yes".)

.......
#.....#
.......
###.###
.......#
##.##
.......
##...##
.....
#.....#
....
##...##
##.## ##.##
##...####.#
#....@[...#
.##
##...######
....###.##
#......#
#......#
##.###.# #
z.# ..z# ..
....# #.#
#.


There were no monsters in sight!

Vanquished Creatures
  Menkaure (D:7)
  An ice beast (D:7)
  2 bullfrogs
  4 wights (D:6)
  A howler monkey (D:6)
  A hound (D:6)
  Jessica (D:3)
  3 gnolls (D:3)
  4 adders
  A shadow imp (D:6)
  A worm (D:2)
  5 dart slugs
  An orc (D:3)
  2 ball pythons
  6 bats
  8 endoplasms
  3 giant cockroaches
  3 goblins (D:1)
  4 hobgoblins
  3 jackals (D:1)
  5 kobolds
  6 quokkas
  3 rats (D:1)
69 creatures vanquished.

Notes
Turn   | Place    | Note
-------+----------+-------------------------------------------
     0 | D:1      | RevDB the Draconian Transmuter began the quest for the Orb.
     0 | D:1      | Reached XP level 1. HP: 16/16 MP: 3/3
    71 | D:1      | Reached XP level 2. HP: 13/23 MP: 3/5
    81 | D:1      | Learned a level 2 spell: Wereblood
   478 | D:1      | Reached skill level 4 in Unarmed Combat
   585 | D:1      | Reached XP level 3. HP: 23/28 MP: 4/6
   683 | D:1      | Found a faded altar of an unknown god.
  1024 | D:2      | HP: 2/42 [adder (3)]
  1387 | D:2      | Reached XP level 4. HP: 35/35 MP: 3/7
  1692 | D:3      | Noticed Jessica
  1706 | D:3      | Killed Jessica
  1707 | D:3      | Reached XP level 5. HP: 45/45 MP: 4/8
  1844 | D:3      | Found Qawyss's Jewellery Boutique.
  1892 | D:3      | Found a glowing silver altar of Zin.
  1964 | D:4      | You fall into a shaft and drop 3 floors!
  1983 | D:7      | Noticed Menkaure
  2056 | D:6      | Reached skill level 5 in Unarmed Combat
  2067 | D:6      | Noticed a steam dragon
  2090 | D:6      | Reached XP level 6. HP: 17/51 MP: 6/9
  2412 | D:7      | Noticed an ice beast
  2424 | D:7      | Killed an ice beast
  2425 | D:7      | Reached skill level 6 in Unarmed Combat
  2429 | D:7      | Found a staircase to the Ecumenical Temple.
  2441 | Temple   | Entered the Ecumenical Temple
  2542 | Temple   | Became a worshipper of Qazlal Stormbringer
  2846 | D:7      | Killed Menkaure
  2847 | D:7      | Your scales start taking on a rich purple colour.
  2847 | D:7      | Reached XP level 7. HP: 57/57 MP: 8/10
  2955 | D:6      | Reached skill level 7 in Unarmed Combat
  2974 | D:6      | Quit the game

Illustrated notes

Levels and vault maps discovered:
D:1:      lemuel_arrival_river_bridge, layout_basic,
          dreamdust_ecumenical_altar_angels_and_demons, minivault_25
D:2:      layout_rooms, nrook_campfire
D:3:      layout_rooms, lemuel_doored_altar, serial_shops, shop_fountains,
          uniq_jessica
D:4:      layout_loops_corners, fedhas_altar_2, kennysheep_cross_bottleneck
D:6:      layout_loops_cross, lemuel_tele_altar, minmay_chambers_of_fives
D:7:      layout_loops_ring, temple_fountains, hangedman_decor_peaks_small,
          grunt_ministairs_7, small_statue_intersection, uniq_menkaure,
          uniq_crazy_yiuf_cottage
Temple:   nicolae_temple_superstar

Skill      XL: |  1  2  3  4  5  6  7 |
---------------+----------------------+-----
Unarmed Combat | 4 5 6 7 |  7.9
Transmutations | 3 |  3.4
Fighting       | 3 |  3.4
Dodging        | |  1.7
Spellcasting   | |  2.4

Action                   |  1- 3 |  4- 6 |  7- 9 || total
-------------------------+-------+-------+-------++-------
Melee: Unarmed           |   114 |    63 |    17 ||   194
       Headbutt          |    13 |    16 |     3 ||    32
       Kick              |    14 |    13 |    10 ||    37
       Tailslap          |     4 |     6 |     6 ||    16
Throw: Boomerang         |       |     1 |       ||     1
 Cast: Beastly Appendage |    17 |     9 |     1 ||    27
       Wereblood         |     4 |     5 |     1 ||    10
Evoke: Wand              |       |     1 |       ||     1
  Use: Potion            |     1 |       |       ||     1
Armor: Skin              |    46 |    17 |     2 ||    65
Dodge: Dodged            |    62 |    32 |    15 ||   109
